 Dungeon Crawl Stone Soup version 0.21.1-1-g345015f (webtiles) character file.

25351 troglodite the Carver (level 12, -2/113 HPs)
             Began as a Minotaur Berserker on Feb 28, 2018.
             Was a High Priest of Trog.
             Slain by a cyclops (22 damage)
             ... on level 11 of the Dungeon.
             The game lasted 00:43:51 (15583 turns).

troglodite the Carver (Minotaur Berserker)         Turns: 15583, Time: 00:43:52

Health: -2/113     AC: 18    Str: 23    XL:     12   Next: 88%
Magic:  11/11      EV: 14    Int:  4    God:    Trog [*****.]
Gold:   1028       SH:  0    Dex: 14    Spells: 11/11 levels left

rFire    . . .     SeeInvis +   H - +4 falchion
rCold    . . .     Gourm    .   (no shield)
rNeg     . . .     Faith    .   B - +4 chain mail {MR+}
rPois    .         Spirit   .   (helmet restricted)
rElec    .         Reflect  .   r - scarf {cloud immunity}
rCorr    .         Harm     .   n - +0 pair of gloves
MR       ++...                  (no boots)
Stlth    ..........             N - amulet of regeneration
HPRegen  0.68/turn              d - ring of see invisible
MPRegen  0.12/turn              e - ring of protection from magic

@: berserk cooldown, slowed, very slow
A: retaliatory headbutt, horns 2
a: Berserk, Trog's Hand, Brothers in Arms, Burn Spellbooks, Renounce Religion


You were on level 11 of the Dungeon.
You worshipped Trog.
Trog was extremely pleased with you.
You were not hungry.

You visited 1 branch of the dungeon, and saw 11 of its levels.
You also visited: Ossuary and Ice Cave.

You collected 1028 gold pieces.

Inventory:

Hand Weapons
 h - a +3 long sword
 E - a +3 hunting sling of flaming
 H - a +4 falchion (weapon)
Missiles
 F - 361 stones (quivered)
 S - 25 sling bullets
Armour
 n - a +0 pair of gloves (worn)
 r - a scarf of cloud immunity (worn)
 v - a +0 cloak
 A - the +1 plate armour of Gozag's Brutal Revenge {rElec}
   (You found it on level 6 of the Dungeon)

   It insulates you from electricity.
 B - a +4 chain mail of magic resistance (worn)
Jewellery
 d - a ring of see invisible (left hand)
 e - a ring of protection from magic (right hand)
 f - a +4 ring of intelligence
 u - an uncursed ring of positive energy
 L - an uncursed ring of protection from cold
 N - an amulet of regeneration (around neck)
 P - an uncursed ring of protection from cold
Wands
 C - a wand of digging (14)
 D - a wand of polymorph (32)
 G - a wand of disintegration (2)
 J - a wand of clouds (6)
 K - a wand of iceblast (8)
 O - a wand of enslavement (6)
 T - a wand of random effects (40)
Scrolls
 a - a scroll of holy word {unknown}
 i - 8 scrolls of remove curse
 j - 4 scrolls of teleportation
 k - 2 scrolls of fog
 p - 2 scrolls of enchant weapon {unknown}
 y - a scroll of noise {unknown}
 I - 3 scrolls of identify
 M - a scroll of enchant armour {unknown}
 R - a scroll of random uselessness {unknown}
Potions
 b - 7 potions of heal wounds
 g - 5 potions of curing
 l - 2 potions of magic
 m - 2 potions of lignification {unknown}
 o - 3 potions of brilliance
 q - a potion of ambrosia
 s - a potion of invisibility {unknown}
 t - 2 potions of flight
 w - 3 potions of might {unknown}
 x - 3 potions of cancellation {unknown}
 z - 2 potions of resistance
Comestibles
 c - 9 rations


   Skills:
 * Level 12.5 Fighting
 * Level 14.2 Long Blades
   Level 0.8(1.4) Maces & Flails
   Level 1.9(2.0) Staves
 * Level 6.5 Slings
 * Level 12.9 Armour
 * Level 9.4 Dodging
 + Level 1.9 Stealth


You had 11 spell levels left.
You didn't know any spells.

Dungeon Overview and Level Annotations

Branches:
Dungeon (11/15)            Temple (0/1) D:6
   Lair: D:8-11         Orc: D:9-12

Altars:
Ashenzari
Dithmenos
Elyvilon
Kikubaaqudgha
Nemelex Xobeh
Sif Muna
Trog
Xom
Yredelemnul
The Shining One

Shops:
D:8 (


Innate Abilities, Weirdness & Mutations

You reflexively headbutt those who attack you in melee.
You have a pair of horns on your head.


Message History

You destroy the worker ant zombie!
Trog accepts your kill.
You are no longer berserk.
Trog's vigour flows through your veins.
You are exhausted.
You feel yourself slow down.
The cyclops throws a large rock.
The large rock hits you!! The cyclops hits you!!
* * * LOW HITPOINT WARNING * * *
Things that are here:
a large rock; a sparkling bone ring You barely miss the cyclops.
You headbutt the cyclops, but do no damage.
The cyclops throws a large rock.
The large rock hits you!
* * * LOW HITPOINT WARNING * * *
Unknown command.
You're too hungry.
Unknown command.
You eat one of the 10 rations.
That ration really hit the spot!
The cyclops hits you!!
You die...

#...##...#...##.#.##..###
#.####..#.#..##...##.##
##.##..#.#.#..##.##..#
#.##.........##.##.##
##..##########.##..#
#############.##.## #####
##########.##..# .....
#.....†(C.###..# #.
#...##@)#.##..#..# # #
#)C#####..##.# # #}##
#...#..# .[) ##....##.#
#.)# #.........# # ##.
##..#.###..# ## #.
#...#...#..###. ##
##.#....#...##..
#..#.#...#..#...


You could see 2 cyclopes.

Vanquished Creatures
  A frost giant (IceCv)
  5 two-headed ogres
  The ghost of Baghtru the Cleaver, a novice HOFi of the Shining One (D:7)
  A death yak (IceCv)
  An unseen horror (D:11)
  2 manticores (D:11)
  Pikel (D:6)
  An ugly thing (D:11)
  A cyclops (D:11)
  An ice statue (IceCv)
  Psyche (D:8)
  A gargoyle (D:10)
  2 trolls (D:11)
  18 polar bears (IceCv)
  Grinder (D:3)
  3 slime creatures (D:11)
  Eustachio (D:4)
  20 yaks
  A vampire (D:6)
  A wyvern (D:11)
  5 hungry ghosts
  Grum (D:8)
  A basilisk (D:11)
  A steam dragon (D:8)
  Menkaure (D:6)
  4 ice beasts
  3 sky beasts
  A slave (D:6)
  2 necrophages
  3 orc warriors
  4 phantoms
  7 ogres
  A centaur (D:8)
  17 wolves
  A crocodile (D:10)
  3 bullfrogs
  3 scorpions
  A water moccasin skeleton (D:8)
  5 killer bees (D:8)
  9 wights
  4 howler monkeys
  8 crimson imps
  A centaur zombie (D:11)
  8 orc priests
  4 bullfrog skeletons
  7 hounds
  A jelly (D:11)
  Crazy Yiuf (D:4)
  3 centaur skeletons (D:11)
  2 gnoll shamans
  2 iguanas
  Terence (D:2)
  13 orc wizards
  8 worker ants
  11 big kobold zombies (Ossuary)
  A mummy (Ossuary)
  A worker ant zombie (D:11)
  12 adders
  11 gnolls
  A shadow imp (D:6)
  3 oozes
  An adder skeleton (D:9)
  5 worms
  2 dart slugs
  7 leopard geckos
  27 orcs
  3 spectral bats (Ossuary)
  5 giant cockroaches
  A gnoll zombie (Ossuary)
  4 goblins
  4 hobgoblins
  5 jackals
  5 quokkas
  3 ball pythons
  4 bats
  2 bat simulacra (Ossuary)
  5 frilled lizards
  A goblin simulacrum (Ossuary)
  6 goblin zombies (Ossuary)
  5 hobgoblin zombies (Ossuary)
  2 jackal skeletons (D:5)
  9 kobolds
  5 kobold simulacra (Ossuary)
  2 kobold zombies (Ossuary)
  A leopard gecko skeleton (D:5)
  5 orc zombies
  A quokka skeleton (D:4)
  8 rats
  3 rat simulacra (Ossuary)
  2 spectral goblins (Ossuary)
  3 spectral kobolds (Ossuary)
  A spectral rat (Ossuary)
377 creatures vanquished.

Vanquished Creatures (collateral kills)
  2 polar bears (IceCv)
2 creatures vanquished.

Vanquished Creatures (others)
  A crimson imp (D:6)
  A jelly (D:6)
  A goblin zombie (Ossuary)
3 creatures vanquished.

Grand Total: 382 creatures vanquished

Notes
Turn   | Place    | Note
-------+----------+-------------------------------------------
     0 | D:1      | troglodite the Minotaur Berserker began the quest for the Orb.
     0 | D:1      | Reached XP level 1. HP: 19/19 MP: 0/0
   235 | D:1      | Reached XP level 2. HP: 24/27 MP: 1/1
   746 | D:1      | Reached skill level 4 in Long Blades
   860 | D:2      | Reached XP level 3. HP: 22/34 MP: 2/2
  1518 | D:2      | Noticed Terence
  1523 | D:2      | Killed Terence
  1523 | D:2      | Reached XP level 4. HP: 41/41 MP: 3/3
  1962 | D:2      | Reached ** piety under Trog
  1976 | D:2      | Found a deep blue altar of Sif Muna.
  2031 | D:2      | Reached skill level 5 in Fighting
  2315 | D:3      | Reached XP level 5. HP: 48/48 MP: 4/4
  2421 | D:3      | Noticed Grinder
  2428 | D:3      | Killed Grinder
  2428 | D:3      | Reached skill level 5 in Long Blades
  2428 | D:3      | Reached skill level 5 in Armour
  2428 | D:3      | Reached XP level 6. HP: 44/56 MP: 5/5
  2475 | D:3      | Noticed a sky beast
  2490 | D:3      | Killed a sky beast
  2835 | D:3      | Found a glowing golden altar of the Shining One.
  2962 | D:3      | Found a shattered altar of Ashenzari.
  2962 | D:3      | Found a sparkling altar of Nemelex Xobeh.
  3461 | D:4      | Reached XP level 7. HP: 34/62 MP: 6/6
  3743 | D:4      | Reached *** piety under Trog
  4064 | D:4      | Noticed Eustachio
  4082 | D:4      | Killed Eustachio
  4082 | D:4      | Reached skill level 6 in Long Blades
  4220 | D:4      | Reached skill level 5 in Dodging
  4220 | D:4      | Reached XP level 8. HP: 31/71 MP: 7/7
  4555 | D:4      | Found a runed door.
  4669 | D:4      | Noticed Crazy Yiuf
  4676 | D:4      | Killed Crazy Yiuf
  4777 | D:5      | Entered Level 5 of the Dungeon
  5073 | D:5      | Reached skill level 1 in Staves
  5186 | D:5      | Reached skill level 7 in Long Blades
  5235 | D:5      | Found a glowing golden altar of the Shining One.
  5469 | D:6      | Found a bloodstained altar of Trog.
  5514 | D:6      | Noticed Pikel
  5527 | D:6      | Killed Pikel
  5527 | D:6      | Reached skill level 1 in Stealth
  5600 | D:6      | Found a transporter.
  5604 | D:6      | Found a transporter.
  5622 | D:6      | Found an ancient bone altar of Kikubaaqudgha.
  5626 | D:6      | Noticed Menkaure
  5633 | D:6      | Found a basalt altar of Yredelemnul.
  5828 | D:6      | Reached **** piety under Trog
  5828 | D:6      | Reached XP level 9. HP: 81/81 MP: 8/8
  5829 | D:6      | Killed Menkaure
  5855 | D:6      | Got a dazzling plate armour
  5874 | D:6      | Identified the cursed +1 plate armour of Gozag's Brutal Revenge {rElec} (You found it on level 6 of the Dungeon)
  5905 | D:6      | Found a staircase to the Ecumenical Temple.
  6155 | D:6      | Found a white marble altar of Elyvilon.
  6359 | D:7      | Noticed Baghtru's ghost (novice HOFi)
  6368 | D:7      | Killed Baghtru's ghost
  6675 | D:7      | Found a shimmering altar of Xom.
  6675 | D:7      | Found a shadowy altar of Dithmenos.
  6680 | D:7      | Reached skill level 8 in Long Blades
  8157 | D:8      | Noticed Grum
  8160 | D:8      | Reached XP level 10. HP: 71/91 MP: 9/9
  8169 | D:8      | Killed Grum
  8232 | D:8      | Found Tenles's Weapon Boutique.
  8356 | D:8      | Found a sand-covered staircase.
  8366 | Ossuary  | Entered an ossuary
  8754 | Ossuary  | Reached ***** piety under Trog
  8838 | Ossuary  | Reached skill level 9 in Long Blades
  9406 | D:8      | Received a gift from Trog
  9515 | D:8      | Noticed Psyche
  9526 | D:8      | Killed Psyche
  9820 | D:8      | Reached skill level 10 in Armour
 10207 | D:8      | Reached skill level 10 in Long Blades
 10510 | D:9      | Reached skill level 10 in Fighting
 10590 | D:9      | Got a twisted leather armour
 10602 | D:9      | Identified the +1 leather armour of New Discoveries {rElec rC- Dex+4} (You found it on level 9 of the Dungeon)
 11020 | D:9      | Noticed a two-headed ogre
 11027 | D:9      | Killed a two-headed ogre
 11215 | D:10     | Entered Level 10 of the Dungeon
 11397 | D:10     | Reached skill level 11 in Long Blades
 11397 | D:10     | Reached XP level 11. HP: 100/100 MP: 10/10
 11436 | D:10     | Noticed a two-headed ogre
 11448 | D:10     | Killed a two-headed ogre
 12920 | D:11     | Noticed a green ugly thing
 12928 | D:11     | Killed a green ugly thing
 12932 | D:11     | Found a frozen archway.
 13064 | IceCv    | Entered an ice cave
 13310 | IceCv    | Received a gift from Trog
 13351 | IceCv    | Reached skill level 5 in Slings
 13460 | IceCv    | Reached skill level 12 in Long Blades
 13726 | IceCv    | Noticed a death yak
 13734 | IceCv    | Reached XP level 12. HP: 109/109 MP: 11/11
 13750 | IceCv    | Killed a death yak
 13998 | IceCv    | Noticed a frost giant
 14019 | IceCv    | Killed a frost giant
 14019 | IceCv    | Reached skill level 13 in Long Blades
 14743 | D:11     | Received a gift from Trog
 14774 | D:11     | Noticed a two-headed ogre
 14783 | D:11     | Killed a two-headed ogre
 14869 | D:11     | Noticed a two-headed ogre
 14877 | D:11     | Killed a two-headed ogre
 15136 | D:11     | Reached skill level 14 in Long Blades
 15194 | D:11     | Found a runed door.
 15471 | D:11     | Found a runed door.
 15471 | D:11     | Noticed a two-headed ogre
 15479 | D:11     | Killed a two-headed ogre
 15479 | D:11     | Received a gift from Trog
 15583 | D:11     | Slain by a cyclops

Skill      XL: |  1  2  3  4  5  6  7  8  9 10 11 12 |
---------------+-------------------------------------+-----
Fighting       | 4 5 6 8 9 10 11 12 | 12.5
Long Blades    | 4 5 6 7 8 11 12 14 | 14.2
Armour         | 3 5 6 7 8 9 10 11 12 | 12.9
Dodging        | 3 5 6 7 8 9 |  9.4
Staves         | 1 |  1.9
Stealth        | 1 |  1.9
Slings         | 2 4 5 6 |  6.5
Maces & Flails | |  0.8

Action                   |  1- 3 |  4- 6 |  7- 9 | 10-12 || total
-------------------------+-------+-------+-------+-------++-------
Melee: Falchion          |    69 |   120 |    82 |   546 ||   817
       Headbutt          |    10 |    23 |    63 |   221 ||   317
       Quarterstaff      |       |       |    48 |       ||    48
       Long sword        |       |       |    92 |   222 ||   314
       Whip              |       |       |    19 |       ||    19
Invok: Berserk           |     1 |     2 |     6 |    17 ||    26
       Burn Spellbooks   |       |       |     1 |     2 ||     3
       Brothers in Arms  |       |       |       |     1 ||     1
  Use: Scroll            |       |       |    12 |     5 ||    17
       Potion            |       |       |       |     1 ||     1
  Eat: Chunk             |     2 |     7 |    10 |    31 ||    50
       Ration            |       |       |     4 |     4 ||     8
Armor: Ring mail         |    21 |    48 |    49 |       ||   118
       Animal skin       |     1 |       |       |       ||     1
       Plate armour      |       |       |    51 |   168 ||   219
       Chain mail        |       |       |       |   235 ||   235
Dodge: Dodged            |    51 |    70 |   154 |   354 ||   629
       Rpst.: Falchion   |    11 |    16 |    12 |    61 ||   100
       Long sword        |       |       |    22 |    29 ||    51
